 Dungeon Crawl Stone Soup version 0.21-a0-633-g4c047d5 (webtiles) character file.

20724 Alarkh the Carver (level 12, -8/87 HPs)
             Began as an Octopode Monk on Dec 28, 2017.
             Was a High Priest of Trog.
             Mangled by an elephant (16 damage)
             ... on level 3 of the Lair of Beasts.
             The game lasted 00:31:00 (19464 turns).

Alarkh the Carver (Octopode Monk)                  Turns: 19464, Time: 00:31:02

Health: -8/87      AC:  3    Str: 12    XL:     12   Next: 82%
Magic:  14/14      EV: 17    Int: 19    God:    Trog [*****.]
Gold:   465        SH:  9    Dex: 14    Spells: 11/11 levels left

rFire    + . .     SeeInvis +   h - +2 double sword (freeze)
rCold    . . .     Gourm    .   f - +0 shield
rNeg     . . .     Faith    .   m - +2 hat
rPois    .         Spirit   .   b - amulet of regeneration
rElec    .         Reflect  .   c - ring of protection from fire
rCorr    .         Harm     .   d - ring of stealth
MR       .....                  s - +3 ring of intelligence
Stlth    ++++++....             (no ring)
HPRegen  0.64/turn              u - ring of see invisible
MPRegen  0.14/turn              (no ring)
                                (no ring)
                                (no ring)

@: about to teleport, berserk cooldown, slowed, very slow
A: almost no armour, stealthy swim, amphibious, 8 rings, constrict 8, camouflage
1, gelatinous body 1
a: Berserk, Trog's Hand, Brothers in Arms, Burn Spellbooks, Renounce Religion


You were on level 3 of the Lair of Beasts.
You worshipped Trog.
Trog was extremely pleased with you.
You were hungry.

You visited 3 branches of the dungeon, and saw 15 of its levels.

You collected 753 gold pieces.
You spent 288 gold pieces at shops.

Inventory:

Hand Weapons
 a - a +4 vampiric demon blade
 h - a +2 double sword of freezing (weapon)
Armour
 f - a +0 shield (worn)
 m - a +2 hat (worn)
 G - a +0 large shield
Jewellery
 b - an amulet of regeneration (around mantle)
 c - a ring of protection from fire (left tentacle)
 d - a ring of stealth (right tentacle)
 s - a +3 ring of intelligence (on tentacle)
 u - a ring of see invisible (on tentacle)
Wands
 j - a wand of flame (19)
 p - a wand of digging (6)
 F - a wand of iceblast (10)
 H - a wand of paralysis (13)
Scrolls
 e - a scroll of identify
 g - 6 scrolls of teleportation
 n - 4 scrolls of magic mapping
 I - a scroll of brand weapon {unknown}
 O - a scroll of fog
 P - a scroll of torment {unknown}
Potions
 i - 2 potions of resistance
 k - 4 potions of heal wounds
 l - 2 potions of flight
 q - 6 potions of agility
 J - a potion of haste {unknown}
 L - 2 potions of might {unknown}
 Q - a potion of curing
Comestibles
 B - 36 rations


   Skills:
 + Level 9.9 Fighting
 * Level 13.3 Long Blades
 + Level 10.0 Dodging
 + Level 10.4 Stealth
 + Level 4.4 Shields
 + Level 3.8 Evocations


You had 11 spell levels left.
You didn't know any spells.

Dungeon Overview and Level Annotations

Branches:
Dungeon (11/15)            Temple (1/1) D:4            Lair (3/6) D:9
  Snake (0/4) Lair:2          Orc (0/2) D:11
  Swamp: Lair:2-4    Shoals: Lair:2-4

Altars:
Ashenzari
Cheibriados
Dithmenos
Elyvilon
Fedhas
Gozag
Hepliaklqana
Kikubaaqudgha
Makhleb
Nemelex Xobeh
Okawaru
Qazlal
Ru
Sif Muna
Trog
Uskayaw
Vehumet
Wu Jian
Xom
Yredelemnul
Zin
The Shining One

Shops:
D:5 ?

Annotations:
Lair:1 exclusion: hydra


Innate Abilities, Weirdness & Mutations

You cannot wear most types of armour.
You are very stealthy in the water. (Stealth+)
You are amphibious.
You can wear up to eight rings at the same time.
You can use your tentacles to constrict eight enemies at once.
Your skin changes colour to match your surroundings (Stealth+).
Your rubbery body absorbs attacks. (AC +1, EV +1)


Message History

You block the elephant's attack. x2
You slice the elephant!! You freeze the elephant.
You kill the elephant!
Trog accepts your kill.
Your Dodging skill increases to level 10!
The elephant tramples you!
* * * LOW HITPOINT WARNING * * *
You stumble backwards!
You feel a strong urge to attack something.
You feel your anger nearly subside.
You are no longer berserk.
You are exhausted.
You feel yourself slow down.
As you read the scroll of teleportation, it crumbles to dust.
You feel strangely unstable. The elephant tramples you!
* * * LOW HITPOINT WARNING * * *
You hold your ground!
The elephant trunk-slaps you.
* * * LOW HITPOINT WARNING * * *
The elephant tramples you!
You die...

...... .... ....
....##...##... .#
..........##....... #.#
..##.............. ####..###
#..#..P ......... #.#.P..P##
#..#..# #........
###........###@.#..# P.......
###..........#.#YY#.##
#.......
.<...........>...YY..# ##..#
.#.............P.P..#####...##
####.........................#
##..................†..P###
##......##............##
##....#.##..###.##.#.#
##.#.#####.# ########


You could see 4 elephants.

Vanquished Creatures
  Gastronok (Lair:2)
  2 two-headed ogres
  The ghost of Soeti the Skirmisher, a novice DsMo of Cheibriados (D:9)
  2 elephants (Lair:3)
  3 black mambas (Lair:2)
  A spiny frog (Lair:2)
  2 komodo dragons (Lair:2)
  A queen bee (Lair:1)
  2 trolls
  2 hornets
  3 hippogriffs
  A wyvern (D:9)
  Eustachio (D:6)
  25 yaks
  A basilisk (Lair:2)
  4 hogs (D:7)
  A human (D:7)
  3 steam dragons (D:6)
  4 hungry ghosts
  2 vampire mosquitoes (D:11)
  13 water moccasins
  Duvessa (D:4)
  4 porcupines
  2 phantoms
  A sky beast (D:11)
  2 ice beasts
  A black bear (D:9)
  3 ogres
  4 orc warriors
  5 centaurs
  5 crocodiles
  A big kobold (D:9)
  A wyvern zombie (D:7)
  7 bullfrogs
  Dowan (D:4)
  A gnoll sergeant (D:9)
  7 scorpions
  24 killer bees (Lair:1)
  A howler monkey (D:11)
  3 crimson imps
  A bullfrog zombie (D:8)
  A centaur zombie (D:6)
  5 hounds
  4 orc priests
  4 jellies
  4 bullfrog skeletons
  A gnoll shaman (D:4)
  8 orc wizards
  A centaur skeleton (D:4)
  2 iguanas
  6 worker ants
  A howler monkey skeleton (D:6)
  12 gnolls
  26 adders
  3 shadow imps
  2 oozes
  3 adder skeletons
  A worm (D:2)
  A dart slug (D:1)
  3 leopard geckos
  45 orcs
  10 bats
  10 giant cockroaches
  19 goblins
  9 hobgoblins
  5 jackals (D:3)
  2 quokkas
  4 ball pythons
  8 frilled lizards
  9 kobolds
  2 leopard gecko skeletons (D:5)
  7 rats
  A fungus (Lair:2)
369 creatures vanquished.

Vanquished Creatures (collateral kills)
  A killer bee (Lair:1)
1 creature vanquished.

Vanquished Creatures (others)
  7 fungi (D:9)
7 creatures vanquished.

Grand Total: 377 creatures vanquished

Notes
Turn   | Place    | Note
-------+----------+-------------------------------------------
     0 | D:1      | Alarkh the Octopode Monk began the quest for the Orb.
     0 | D:1      | Reached XP level 1. HP: 16/16 MP: 1/1
   223 | D:1      | Reached XP level 2. HP: 21/21 MP: 2/2
  1053 | D:2      | Reached XP level 3. HP: 14/26 MP: 3/3
  1470 | D:2      | Found an iron altar of Okawaru.
  1471 | D:2      | Found a bloodstained altar of Trog.
  1876 | D:2      | Reached skill level 4 in Long Blades
  1876 | D:2      | Reached XP level 4. HP: 25/31 MP: 4/4
  2963 | D:3      | Reached XP level 5. HP: 27/37 MP: 5/5
  3967 | D:4      | Found a blossoming altar of Fedhas.
  3975 | D:4      | Reached skill level 5 in Long Blades
  3975 | D:4      | Reached XP level 6. HP: 39/43 MP: 6/6
  4031 | D:4      | Found a staircase to the Ecumenical Temple.
  4037 | Temple   | Entered the Ecumenical Temple
  4299 | D:2      | Became a worshipper of Trog the Wrathful
  4299 | D:2      | Reached * piety under Trog
  4299 | D:2      | Reached ** piety under Trog
  4827 | D:4      | Found a glowing golden altar of the Shining One.
  4936 | D:4      | Found a snail-covered altar of Cheibriados.
  5094 | D:4      | Noticed Dowan
  5097 | D:4      | Noticed Duvessa
  5109 | D:4      | Killed Duvessa
  5109 | D:4      | Reached skill level 6 in Long Blades
  5109 | D:4      | Reached XP level 7. HP: 49/49 MP: 7/7
  5109 | D:4      | Killed Dowan
  5250 | D:4      | Reached skill level 5 in Fighting
  5250 | D:4      | Reached skill level 5 in Dodging
  5556 | D:5      | Entered Level 5 of the Dungeon
  6256 | D:5      | Reached XP level 8. HP: 49/55 MP: 8/8
  6323 | D:5      | Reached skill level 7 in Long Blades
  6489 | D:5      | Found an ancient bone altar of Kikubaaqudgha.
  6538 | D:5      | Found Nala's Magic Scroll Shoppe.
  6545 | D:5      | Bought a scroll of magic mapping for 42 gold pieces
  6545 | D:5      | Bought a scroll of teleportation for 36 gold pieces
  6545 | D:5      | Bought a scroll of teleportation for 36 gold pieces
  6545 | D:5      | Bought a scroll of fear for 42 gold pieces
  6546 | D:5      | Bought a scroll of identify for 24 gold pieces
  6546 | D:5      | Bought a scroll of identify for 24 gold pieces
  6546 | D:5      | Bought a scroll of identify for 24 gold pieces
  6546 | D:5      | Bought a scroll of identify for 24 gold pieces
  6678 | D:5      | Found an ornate altar of the Wu Jian Council.
  7957 | D:6      | Reached skill level 8 in Long Blades
  8142 | D:6      | Reached XP level 9. HP: 15/63 MP: 9/9
  8802 | D:6      | Noticed a two-headed ogre
  8816 | D:6      | Got an ichor-stained dagger
  8817 | D:6      | Identified the +5 dagger of Blind Justice {pierce, +Rage Dex+6 Stlth+} (You found it on level 6 of the Dungeon)
  8838 | D:6      | Killed a two-headed ogre
  8838 | D:6      | Reached skill level 9 in Long Blades
  9095 | D:6      | Reached *** piety under Trog
  9133 | D:6      | Found a shattered altar of Ashenzari.
  9262 | D:6      | Noticed Eustachio
  9272 | D:6      | Killed Eustachio
  9598 | D:7      | Found a glowing silver altar of Zin.
  9764 | D:5      | Bought a scroll of remove curse for 36 gold pieces
  9908 | D:7      | Reached skill level 10 in Long Blades
  9912 | D:7      | Reached XP level 10. HP: 71/71 MP: 10/10
 10107 | D:7      | Reached skill level 5 in Stealth
 10214 | D:7      | Found a sparkling altar of Nemelex Xobeh.
 10655 | D:7      | You fall through a shaft for 2 floors!
 10866 | D:9      | Noticed a two-headed ogre
 10926 | D:9      | Killed a two-headed ogre
 10926 | D:9      | Reached skill level 11 in Long Blades
 11168 | D:9      | Reached **** piety under Trog
 11221 | D:9      | Found an opulent altar of Gozag.
 11519 | D:9      | Reached XP level 11. HP: 53/78 MP: 11/11
 11792 | D:9      | Found a staircase to the Lair.
 12453 | D:9      | Received a gift from Trog
 12472 | D:9      | Noticed Soeti's ghost (novice DsMo)
 12494 | D:9      | Killed Soeti's ghost
 13654 | D:8      | Found a white marble altar of Elyvilon.
 13654 | D:8      | Found a hazy altar of Hepliaklqana.
 14175 | D:10     | Entered Level 10 of the Dungeon
 14535 | D:10     | Reached skill level 12 in Long Blades
 15085 | D:11     | Reached skill level 1 in Shields
 15406 | D:11     | Found a staircase to the Orcish Mines.
 15418 | D:11     | Reached ***** piety under Trog
 16783 | Lair:1   | Entered Level 1 of the Lair of Beasts
 16962 | Lair:1   | Noticed a five-headed hydra
 17086 | Lair:1   | Reached skill level 1 in Evocations
 17093 | Lair:1   | Reached XP level 12. HP: 85/85 MP: 12/12
 18419 | Lair:2   | Received a gift from Trog
 18616 | Lair:2   | Found a staircase to the Snake Pit.
 18718 | Lair:2   | Reached skill level 13 in Long Blades
 18874 | Lair:2   | Reached skill level 10 in Stealth
 19046 | Lair:2   | Noticed Gastronok
 19058 | Lair:2   | Killed Gastronok
 19456 | Lair:3   | Reached skill level 10 in Dodging
 19464 | Lair:3   | Mangled by an elephant

Vault maps used:
D:1:      lightli_arrival_farm
D:2:      nicolae_overflow_hidden_temple, first_ration, serial_bayou_pond_d
D:3:      corexii_shack_village, serial_bayou, serial_bayou_pond_c,
          serial_bayou_lagoon_a, serial_bayou_pond_c, serial_bayou_ford_a
D:4:      tso_metal_star, kennysheep_mini, fedhas_altar_2,
          minmay_temple_entry_butterflies, uniq_duvessa
D:5:      kiku_gazebo_garden_becter, marbit_many_paths, serial_shops, shop
D:6:      cheibrodos_steamvent, kennysheep_mini_moat, uniq_eustachio
D:7:      lemuel_coloured_pillars_altar, old_standard_altar, grunt_livestock
D:8:      gammafunk_temple_overflow_wave
D:9:      nicolae_overflow_crystal_walls, grunt_lair_entry_orc_guard_hut,
          item_on_display_a
D:11:     david_orc_2, minivault_11
Temple:   nicolae_temple_figure_zero
Lair:2:   minmay_snake_entry_six_corridors, uniq_gastronok
Lair:3:   minmay_swamp_entry_reptiles, lemuel_another_geyser, grunt_megastairs_5

Skill      XL: |  1  2  3  4  5  6  7  8  9 10 11 12 |
---------------+-------------------------------------+-----
Long Blades    | 4 5 6 8 10 11 12 13 | 13.3
Dodging        | 4 5 6 7 8 9 10 | 10.0
Fighting       | 4 5 6 7 8 9 |  9.9
Stealth        | 4 7 9 10 | 10.4
Shields        | 2 4 |  4.4
Evocations     | 1 3 |  3.8

Action                   |  1- 3 |  4- 6 |  7- 9 | 10-12 || total
-------------------------+-------+-------+-------+-------++-------
Melee: Falchion          |    54 |   164 |   218 |       ||   436
       Constrict         |    20 |    43 |    46 |    97 ||   206
       Tentacles         |     8 |    31 |    63 |   127 ||   229
       Dagger            |       |       |    39 |   204 ||   243
       Demon blade       |       |       |       |   390 ||   390
       Double sword      |       |       |       |    83 ||    83
Invok: Berserk           |       |     2 |     5 |    20 ||    27
       Trog's Hand       |       |       |     2 |     1 ||     3
       Brothers in Arms  |       |       |       |     1 ||     1
Evoke: Wand              |       |       |       |     4 ||     4
  Use: Scroll            |       |     4 |    11 |    11 ||    26
       Potion            |       |       |       |     4 ||     4
 Stab: Sleeping          |    15 |    10 |    15 |    22 ||    62
       Distracted        |       |       |       |     6 ||     6
  Eat: Chunk             |     3 |    11 |    14 |    37 ||    65
       Ration            |       |       |     2 |     6 ||     8
Armor: Skin              |     2 |     4 |     1 |    17 ||    24
Dodge: Dodged            |    31 |    95 |   161 |   368 ||   655
Block: Large shield      |       |       |       |   159 ||   159
       Shield            |       |       |       |    33 ||    33
       Rpst.: Falchion   |    10 |    25 |    46 |       ||    81
       Demon blade       |       |       |       |    46 ||    46
       Double sword      |       |       |       |    14 ||    14

Table legend:
 A = Spawn XP
 B = Non-spawn XP
 C = Spawn XP percentage of total XP
 D = Spawn monster count
 E = Non-spawn monster count
 F = Spawn count percentage of total count
 G = Total turns spent on level
                    A         B        C        D         E        F      G
               +---------+---------+-------+---------+---------+-------+---------
         Total |       0 |   29607 |   0.0 |       0 |     369 |   0.0 | 19464
               +---------+---------+-------+---------+---------+-------+---------
           D:1 |       0 |      25 |   0.0 |       0 |      16 |   0.0 |   942
           D:2 |       0 |      78 |   0.0 |       0 |      23 |   0.0 |  1493
           D:3 |       0 |     202 |   0.0 |       0 |      48 |   0.0 |  1732
           D:4 |       0 |     827 |   0.0 |       0 |      19 |   0.0 |  1799
           D:5 |       0 |     389 |   0.0 |       0 |      20 |   0.0 |  1586
           D:6 |       0 |    2370 |   0.0 |       0 |      33 |   0.0 |  1983
           D:7 |       0 |    2567 |   0.0 |       0 |      18 |   0.0 |  1077
           D:8 |       0 |    1396 |   0.0 |       0 |      29 |   0.0 |  1179
           D:9 |       0 |    4491 |   0.0 |       0 |      47 |   0.0 |  2261
          D:10 |       0 |     825 |   0.0 |       0 |      10 |   0.0 |   921
          D:11 |       0 |    3996 |   0.0 |       0 |      37 |   0.0 |  1655
        Lair:1 |       0 |    3894 |   0.0 |       0 |      39 |   0.0 |  1314
        Lair:2 |       0 |    7548 |   0.0 |       0 |      28 |   0.0 |  1310
        Lair:3 |       0 |     999 |   0.0 |       0 |       2 |   0.0 |    57
               +---------+---------+-------+---------+---------+-------+---------
